 Dungeon Crawl Stone Soup version 0.27-a0-1182-gee19b5822f (webtiles) character file.

Game seed: 6590982715100834727

1791 Froggeryz the Grappler (level 8, -8/56 HPs)
             Began as a Demonspawn Gladiator on May 18, 2021.
             Was a Follower of Wu Jian.
             Mangled by Joseph
             ... wielding a +0 quarterstaff
              (10 damage)
             ... on level 7 of the Dungeon.
             The game lasted 00:06:57 (6939 turns).

Froggeryz the Grappler (Demonspawn Gladiator)       Turns: 6939, Time: 00:06:57

Health: -8/56      AC: 14    Str: 23    XL:     8   Next: 82%
Magic:  0/8        EV: 12    Int:  9    God:    Wu Jian [*.....]
Gold:   907        SH:  0    Dex: 21    Spells: 7/7 levels left

rFire    . . .     SeeInvis .     - Unarmed
rCold    . . .     Faith    .   (no shield)
rNeg     . . .     Spirit   +   y - +3 ring mail {rPois}
rPois    +         Reflect  .   c - +0 helmet
rElec    .         Harm     .   s - +0 cloak
rCorr    .         Rampage  .   (no gloves)
Will     .....                  (no boots)
Stlth    +.........             l - amulet of guardian spirit
HPRegen  0.18/turn              j - +6 ring of strength
MPRegen  0.22/turn              q - +6 ring of dexterity

@: no status effects
A: claws 1, yellow scales 2, powered by death 1, magic regeneration
a: Renounce Religion


You were on level 7 of the Dungeon.
You worshipped Wu Jian.
Wu Jian was aware of your devotion.
You visited 2 branches of the dungeon, and saw 8 of its levels.

You collected 1229 gold pieces.
You spent 322 gold pieces at shops.

Inventory:

Missiles
 d - 3 throwing nets
 o - 11 boomerangs (quivered)
Armour
 c - a +0 helmet (worn)
 h - a +0 kite shield
 s - a +0 cloak (worn)
 y - a +3 ring mail of poison resistance (worn)
Jewellery
 j - a +6 ring of strength (left claw)
 l - an amulet of guardian spirit (around neck)
 q - a +6 ring of dexterity (right claw)
Wands
 e - a wand of charming (8)
 k - a wand of flame (12)
 u - a wand of acid (10)
 v - a wand of digging (9)
Scrolls
 a - 3 scrolls of enchant armour {unknown}
 b - a scroll of immolation {unknown}
 g - 2 scrolls of teleportation {unknown}
 r - a scroll of amnesia {unknown}
 t - a scroll of holy word
Potions
 f - a potion of curing
 n - 3 potions of brilliance
 p - a potion of lignification
 x - a potion of mutation


   Skills:
 - Level 2.0 Fighting
 - Level 3.4 Axes
 - Level 1.7 Throwing
 + Level 3.6 Armour
 - Level 2.6 Dodging
 * Level 9.4 Unarmed Combat


You had 7 spell levels left.
You didn't know any spells.
Your spell library contained the following spells:

 Spells                   Type           Power      Damage    Failure   Level
 Foxfire                  Conj/Fire      0%         2x1d4     54%         1
 Summon Small Mammal      Summ           0%         N/A       54%         1
 Call Imp                 Summ           0%         N/A       67%         2
 Poisonous Vapours        Pois/Air       0%         N/A       67%         2
 Call Canine Familiar     Summ           0%         N/A       88%         3
 Conjure Flame            Conj/Fire      0%         6-21      88%         3
 Inner Flame              Hex/Fire       0%         N/A       88%         3
 Mephitic Cloud           Conj/Pois/Air  0%         N/A       88%         3
 Summon Guardian Golem    Hex/Summ       0%         N/A       88%         3
 Sticky Flame             Conj/Fire      0%         2d3       99%         4
 Summon Ice Beast         Ice/Summ       0%         N/A       99%         4
 Summon Lightning Spire   Summ/Air       0%         N/A       99%         4
 Fireball                 Conj/Fire      0%         3d3       100%        5
 Freezing Cloud           Conj/Ice/Air   0%         6-21      100%        6


Dungeon Overview and Level Annotations

Branches:
Dungeon (7/15)             Temple (1/1) D:4

Altars:
Cheibriados
Dithmenos
Fedhas
Gozag
Kikubaaqudgha
Makhleb
Nemelex Xobeh
Sif Muna
Trog
Vehumet
Wu Jian
Xom
Yredelemnul

Shops:
D:2 [

Annotations:
D:5 1 runed translucent door
D:7 Joseph


Innate Abilities, Weirdness & Mutations

You have sharp fingernails.
You are mostly covered in yellow scales. (AC +3)
You regenerate a little health from kills.
You regenerate magic rapidly.


Message History

Joseph hits you with a +0 quarterstaff!
You scratch Joseph but do no damage. You claw Joseph, but do no damage.
Joseph is lightly wounded.
Joseph hits you with a +0 quarterstaff!
* * * LOW HITPOINT WARNING * * *
Press: ? - help, v - describe, . - travel
Here: Joseph, wielding a +0 quarterstaff, wearing a +0 ring mail and quivering sling bullets (lightly wounded)
The floor.
Unknown command.
You feel much better. Joseph hits you but does no damage.
You claw Joseph!
Joseph is heavily wounded.
You scratch Joseph.
Joseph is heavily wounded.
Joseph hits you with a +0 quarterstaff.
You scratch Joseph.
Joseph is heavily wounded.
Joseph closely misses you.
Okay, then.
You scratch Joseph.
Joseph is heavily wounded.
Joseph hits you with a +0 quarterstaff!
You scratch Joseph.
Joseph is severely wounded.
Joseph hits you with a +0 quarterstaff!
* * * LOW HITPOINT WARNING * * *
You scratch Joseph. You claw Joseph!
Joseph is almost dead.
Joseph hits you with a +0 quarterstaff.
* * * LOW HITPOINT WARNING * * *
You barely miss Joseph.
Joseph is almost dead.
You scratch Joseph.
Joseph is almost dead.
Joseph hits you with a +0 quarterstaff!
* * * LOW HITPOINT WARNING * * *
You barely miss Joseph.
Joseph is almost dead.
Joseph hits you with a +0 quarterstaff!
You die...

#.# #.# #.# ...
#.# ##+# #.#
##...## #@####
##.....# #@.#.##
##.......
##....####........
#.......+........
#....####........
###.#.## #......<
##...### ##.....#
#.....# ##...##
#.....# ##'##
#.....# ########.#


You could see Joseph.

Vanquished Creatures
  Pikel (D:5)
  Duvessa (D:5)
  A black bear (D:5)
  An ogre (D:4)
  A lemure (D:5)
  A phantom (D:5)
  3 bullfrogs (D:6)
  2 scorpions
  A gnoll sergeant (D:4)
  Dowan (D:5)
  A bullfrog zombie (D:6)
  2 hounds (D:5)
  3 centaur skeletons (D:6)
  Jessica (D:3)
  5 iguanas
  A killer bee zombie (D:5)
  A howler monkey skeleton (D:6)
  7 adders
  6 gnolls
  A river rat (D:5)
  An ufetubus (D:7)
  An adder skeleton (D:4)
  2 worms
  The ghost of glosham the Sneak, a weakling DjDe (D:5)
  2 dart slugs (D:2)
  3 orcs
  3 bats (D:1)
  6 endoplasms
  4 giant cockroaches
  6 goblins
  7 hobgoblins
  4 jackals
  9 kobolds
  2 quokkas
  5 ball pythons
  4 frilled lizards
  6 rats
107 creatures vanquished.

Notes
Turn   | Place    | Note
-------+----------+-------------------------------------------
     0 | D:1      | Froggeryz the Demonspawn Gladiator began the quest for the
                  | Orb.
     0 | D:1      | Reached XP level 1. HP: 16/16 MP: 1/1
   323 | D:1      | Gained mutation: You have sharp fingernails. [demonic
                  | ancestry]
   323 | D:1      | Reached XP level 2. HP: 22/22 MP: 2/2
   662 | D:1      | Reached skill level 1 in Unarmed Combat
   732 | D:1      | Found a faded altar of an unknown god.
   863 | D:1      | Gained mutation: You regenerate magic rapidly. [demonic
                  | ancestry]
   863 | D:1      | Reached XP level 3. HP: 27/27 MP: 3/3
  1006 | D:2      | Found Zaxzougu's Armour Boutique.
  1134 | D:2      | Reached skill level 2 in Unarmed Combat
  1468 | D:2      | Found a blossoming altar of Fedhas.
  1793 | D:3      | Reached XP level 4. HP: 32/33 MP: 4/4
  1841 | D:3      | Noticed Jessica
  1845 | D:3      | Killed Jessica
  1846 | D:3      | Reached skill level 3 in Unarmed Combat
  2621 | D:4      | Noticed a scorpion
  2629 | D:4      | Killed a scorpion
  2630 | D:4      | Reached skill level 4 in Unarmed Combat
  2630 | D:4      | Gained mutation: You are partially covered in yellow
                  | scales. (AC +2) [demonic ancestry]
  2630 | D:4      | Reached XP level 5. HP: 29/38 MP: 2/5
  2723 | D:4      | Found a staircase to the Ecumenical Temple.
  2754 | Temple   | Entered the Ecumenical Temple
  3139 | Temple   | Became a worshipper of the Wu Jian Council
  3444 | D:4      | Noticed an ogre
  3449 | D:4      | Killed an ogre
  3450 | D:4      | Reached skill level 5 in Unarmed Combat
  3450 | D:4      | Gained mutation: You regenerate a little health from kills.
                  | [demonic ancestry]
  3450 | D:4      | Reached XP level 6. HP: 27/44 MP: 3/6
  4037 | D:5      | Entered Level 5 of the Dungeon
  4528 | D:5      | Found a runed translucent door.
  4533 | D:5      | Reached skill level 6 in Unarmed Combat
  4542 | D:5      | Noticed glosham's ghost (weakling DjDe)
  4553 | D:5      | Noticed Duvessa
  4553 | D:5      | Noticed Dowan
  4579 | D:5      | Killed Duvessa
  4580 | D:5      | Reached XP level 7. HP: 26/50 MP: 3/7
  4587 | D:5      | Killed Dowan
  4870 | D:5      | Reached skill level 7 in Unarmed Combat
  4875 | D:5      | Found a runed translucent door.
  5156 | D:5      | Noticed Pikel
  5214 | D:5      | Killed Pikel
  5215 | D:5      | Reached skill level 8 in Unarmed Combat
  5215 | D:5      | Gained mutation: You are mostly covered in yellow scales.
                  | (AC +3) [demonic ancestry]
  5215 | D:5      | Reached XP level 8. HP: 37/56 MP: 4/8
  5609 | D:5      | Killed glosham's ghost
  5759 | D:6      | Reached * piety under Wu Jian
  5868 | D:6      | Reached skill level 9 in Unarmed Combat
  6172 | D:2      | Bought a +3 ring mail of poison resistance for 322 gold
                  | pieces
  6441 | D:6      | Found a sparkling altar of Nemelex Xobeh.
  6467 | D:6      | Identified a scroll of acquirement
  6468 | D:6      | Acquired 844 gold pieces
  6919 | D:7      | Noticed Joseph
  6938 | D:7      | HP: 1/56 [Joseph/+0 quarterstaff (10)]
  6939 | D:7      | Mangled by Joseph

Illustrated notes

Levels and vault maps discovered:
D:1:      dpeg_arrival_pits, layout_loops_corners,
          shapermc_ecumenical_altar_mp_vishouse, grunt_decor_junction
D:2:      layout_loops_cross, basic_altar, serial_shops, shop
D:3:      layout_basic, kennysheep_pointless_box, uniq_jessica
D:4:      layout_loops_ring, minmay_temple_entry_wispy, nrook_mini_backslash
D:5:      layout_loops_corners, ebering_ghost_sewer_f, uniq_duvessa, uniq_pikel
D:6:      layout_basic, lemuel_tele_altar, kennysheep_generic_room_3
D:7:      layout_loops_corners, marbit_many_paths, amcnicky_altar_gilded,
          nzn_hepliaklqana_mist_gate, uniq_harold, uniq_maggie, uniq_joseph
Temple:   minmay_temple_bridge_abc

Skill      XL: |  1  2  3  4  5  6  7  8 |
---------------+-------------------------+-----
Axes           | 3 |  3.4
Unarmed Combat | 1 2 4 5 6 8 9 |  9.4
Armour         | 2 3 |  3.6
Fighting       | |  2.0
Throwing       | |  1.7
Dodging        | |  2.6

Action                   |  1- 3 |  4- 6 |  7- 9 || total
-------------------------+-------+-------+-------++-------
Melee: War axe           |    85 |    49 |       ||   134
       Punch             |     1 |     4 |     6 ||    11
       Unarmed           |       |    92 |   144 ||   236
Throw: Boomerang         |       |     1 |       ||     1
Invok: Lunge             |       |     9 |    12 ||    21
  Use: Potion            |       |     5 |     1 ||     6
       Scroll            |       |       |     6 ||     6
 Stab: Sleeping          |     2 |       |       ||     2
Armor: Leather armour    |    24 |    33 |    18 ||    75
       Skin              |       |     3 |     6 ||     9
       Ring mail         |       |       |    17 ||    17
Dodge: Dodged            |    53 |    70 |    61 ||   184

Table legend: (Time is in decaauts)
 A = Elapsed time spent in this place.
 B = Non-inter-level travel time spent in this place.
 C = Inter-level travel time spent in this place.
 D = Time resting spent in this place.
 E = Time spent auto-exploring this place.
 F = Levels seen in this place.
 G = Mean time per level.
                   A        B        C        D        E       F      G
               +--------+--------+--------+--------+--------+-----+--------+
         Total |   6966 |   6473 |    493 |    300 |   5274 |   8 |  870.8 |
       Dungeon |   6661 |   6238 |    423 |    300 |   5083 |   7 |  951.6 |
        Temple |    304 |    234 |     70 |      0 |    191 |   1 |  304.0 |
               +--------+--------+--------+--------+--------+-----+--------+

Top non-repeatable levels by time:
     D:4: 1516 daAuts
     D:5: 1363 daAuts
     D:6: 1032 daAuts
     D:3: 1012 daAuts
     D:1: 945 daAuts
     D:2: 731 daAuts
  Temple: 304 daAuts
     D:7: 60 daAuts
